 Dungeon Crawl Stone Soup version 0.28.0-53-g5a82cb258f (webtiles) character file.

Game seed: 16255047356855416200

74 pkoi the Gusty (level 3, 0/28 HPs)
             Began as a Demigod Air Elementalist on May 21, 2022.
             Slain by a quokka (2 damage)
             ... on level 2 of the Dungeon.
             The game lasted 00:01:50 (2034 turns).

pkoi the Gusty (Demigod Air Elementalist)           Turns: 2034, Time: 00:01:51

Health: 0/28       AC:  2    Str:  9    XL:     3   Next: 85%
Magic:  0/9        EV: 12    Int: 21    God:
Gold:   37         SH:  0    Dex: 14    Spells: 5/6 levels left

rFire   . . .      SeeInvis .   g - +0 dagger
rCold   . . .      Faith    .   (no shield)
rNeg    . . .      Spirit   .   a - +0 robe
rPois   .          Reflect  .   (no helmet)
rElec   .          Harm     .   (no cloak)
rCorr   .          Rampage  .   (no gloves)
Will    .....                   (no boots)
Stlth   ++........              (no amulet)
HPRegen 0.09/turn               (no ring)
MPRegen 0.11/turn               (no ring)

@: no status effects
A: high MP 1, forlorn, divine attributes
a: no special abilities


You were on level 2 of the Dungeon.
You visited 1 branch of the dungeon, and saw 2 of its levels.

You collected 37 gold pieces.

Inventory:

Hand Weapons
 c - a +0 club
 g - a +0 dagger (weapon)
 i - a +0 short sword
Armour
 a - a +0 robe (worn)
Scrolls
 f - a scroll of teleportation
Potions
 e - 3 potions of lignification {unknown}
 k - a potion of berserk rage {unknown}


   Skills:
 + Level 1.2 Fighting
 - Level 1.7 Dodging
 - Level 1.7 Stealth
 + Level 2.2 Spellcasting
 + Level 1.7 Conjurations
 * Level 3.5 Air Magic


You had 5 spell levels left.
You knew the following spells:

 Your Spells              Type           Power      Damage    Failure   Level
a - Shock                 Conj/Air       52%        1d6       4%          1

Your spell library contained the following spells:

 Spells                   Type           Power      Damage    Failure   Level
 Static Discharge         Conj/Air       13%        N/A       8%          2
 Swiftness                Air            17%        N/A       10%         3
 Airstrike                Air            8%         N/A       32%         4


Dungeon Overview and Level Annotations

Branches:
Dungeon (2/15)

Shops:
D:2 !


Innate Abilities, Weirdness & Mutations

You have an increased reservoir of magic. (+10% MP)
You shall have no god before yourself.
Your divine heritage dramatically boosts your attributes as you level up.


Message History

The hound bites you.
* * * LOW HITPOINT WARNING * * *
The hound bites you.
* * * LOW HITPOINT WARNING * * *
Aiming: Shock (safe; 5% risk of failure)
Press: ? - help, Q - select action Shift-Dir - straight line, f/p - hound
Aim: a hound (severely wounded, 56% to hit)
The zap misses the hound.
The zap misses the quokka.
The hound closely misses you.
Your magical contamination has completely faded away.
Aiming: Shock (safe; 5% risk of failure)
Press: ? - help, Q - select action Shift-Dir - straight line, f/p - hound
Aim: a hound (severely wounded, 56% to hit)
The zap misses the hound.
The zap hits the quokka.
The quokka is severely wounded.
The hound pauses to sniff the ground.
The hound bites you.
* * * LOW HITPOINT WARNING * * *
The hound bites you.
* * * LOW HITPOINT WARNING * * *
The hound closely misses you.
Unknown command.
Aiming: Shock (safe; 5% risk of failure)
Press: ? - help, Q - select action Shift-Dir - straight line, p - hound The zap hits the hound.
The hound is almost dead.
The zap hits the hound.
The hound is almost dead.
The zap misses the quokka.
The hound stops to sniff the ground.
The hound bites you but does no damage. x2
Unknown command.
You hit the hound.
You kill the hound!
You barely miss the quokka.
The quokka is heavily wounded.
The quokka bites you.
* * * LOW HITPOINT WARNING * * *
The quokka bites you.
You die...

#.####.######. #.# #
#..# ... ### #
#######.###### #.. #
.............# #.#
#### .#######.###.#
#.# ####... #..##.#
#.# #....). ##.##.#
#.# #.####' #.##.#
#.# #....'∩
#..#@###.# ######'
##...r...# ######.
#..####.######....#.
##.# #.##...'....'.
#.# #r##+###....##
... #.#......<...#
##.# #.#.......##.#
.. #.#.......'..#
#..#.#.......####


You could see a quokka.

Vanquished Creatures
  A hound (D:2)
  An adder (D:2)
  A dart slug (D:1)
  2 ball pythons (D:1)
  4 bats
  2 endoplasms
  4 giant cockroaches
  2 hobgoblins (D:1)
  A quokka (D:1)
  2 frilled lizards
  4 goblins
  4 kobolds (D:1)
  3 rats
31 creatures vanquished.

Notes
Turn   | Place    | Note
-------+----------+-------------------------------------------
     0 | D:1      | pkoi the Demigod Air Elementalist began the quest for the
                  | Orb.
     0 | D:1      | Reached XP level 1. HP: 14/14 MP: 5/5
   424 | D:1      | Reached skill level 1 in Conjurations
   662 | D:1      | Reached XP level 2. HP: 22/22 MP: 5/7
   700 | D:1      | Reached skill level 3 in Air Magic
  1545 | D:2      | Reached skill level 1 in Fighting
  1545 | D:2      | Reached XP level 3. HP: 28/28 MP: 2/8
  1671 | D:2      | Found Poyv's Distillery.
  2034 | D:2      | Slain by a quokka

Illustrated notes

Levels and vault maps discovered:
D:1:      elethiomel_arrival_infinity_welcomes_careful_drivers, layout_basic,
          chequers_ecumenical_altar_grove
D:2:      layout_basic, serial_shops, nicolae_shop_behind_doors

Skill      XL: |  1  2 |
---------------+-------+-----
Conjurations   | 1 |  1.7
Air Magic      | 3 |  3.5
Spellcasting   | 2 |  2.2
Fighting       | 1 |  1.2
Dodging        | |  1.7
Stealth        | |  1.7

Action                   || total
-------------------------++-------
Melee: Dagger            ||     5
 Cast: Shock             ||    65
  Use: Scroll            ||     5
 Stab: Sleeping          ||     1
Armor: Robe              ||     3
Dodge: Dodged            ||     9
